 Dungeon Crawl Stone Soup version 0.22.0 (webtiles) character file.

1155 Peloso the Slasher (level 8, 0/68 HPs)
             Began as a Minotaur Fighter on Aug 11, 2018.
             Was a Believer of Okawaru.
             Slain by a hippogriff (1 damage)
             ... on level 6 of the Dungeon.
             The game lasted 00:10:13 (4397 turns).

Peloso the Slasher (Minotaur Fighter)               Turns: 4397, Time: 00:10:14

Health: 0/68       AC: 12    Str: 29    XL:     8   Next: 16%
Magic:  7/7        EV:  7    Int:  5    God:    Okawaru [**....]
Gold:   315        SH: 11    Dex: 13    Spells: 7/7 levels left

rFire    . . .     SeeInvis .   a - +0 long sword
rCold    + . .     Gourm    .   c - +0 shield
rNeg     . . .     Faith    .   b - +0 plate armour
rPois    +         Spirit   .   (helmet restricted)
rElec    .         Reflect  .   (no cloak)
rCorr    .         Harm     .   (no gloves)
MR       +....                  (no boots)
Stlth    ..........             (no amulet)
HPRegen  0.21/turn              j - ring of Talief {rPois rC+ MR+ Str+2}
MPRegen  0.10/turn              w - +2 ring of dexterity

@: mighty
A: retaliatory headbutt, horns 2
a: Heroism, Renounce Religion


You were on level 6 of the Dungeon.
You worshipped Okawaru.
Okawaru was pleased with you.
You were not hungry.

You visited 1 branch of the dungeon, and saw 6 of its levels.
You also visited: Sewer.

You collected 315 gold pieces.

Inventory:

Hand Weapons
 a - a +0 long sword (weapon)
Armour
 b - a +0 plate armour (worn)
 c - a +0 shield (worn)
Jewellery
 g - an uncursed ring of stealth
 j - the ring of Talief (left hand) {rPois rC+ MR+ Str+2}
   (You found it on level 5 of the Dungeon)

   [ring of protection from cold]

   It affects your strength (+2).
   It protects you from cold.
   It protects you from poison.
   It affects your resistance to hostile enchantments.
 w - a +2 ring of dexterity (right hand)
Wands
 y - a wand of iceblast (12)
Scrolls
 e - 2 scrolls of fog
 h - a scroll of magic mapping
 i - 2 scrolls of teleportation
 k - 4 scrolls of identify
 m - 2 scrolls of amnesia {unknown}
 n - 2 scrolls of enchant weapon {unknown}
 o - 2 scrolls of remove curse {unknown}
 p - a scroll of noise {unknown}
 q - 3 scrolls of fear {unknown}
 v - a scroll of blinking {unknown}
 x - a scroll of enchant armour {unknown}
Potions
 d - a potion of might
 l - a potion of flight
 s - 3 potions of magic
 u - a potion of mutation
 z - a potion of agility {unknown}
Comestibles
 f - 12 rations


   Skills:
 + Level 5.3 Fighting
 + Level 7.0 Long Blades
 + Level 6.5 Armour
 + Level 2.5 Dodging
 + Level 0.6 Stealth
 + Level 6.8 Shields


You had 7 spell levels left.
You didn't know any spells.
Your spell library was empty.

Dungeon Overview and Level Annotations

Branches:
Dungeon (6/15)
 Temple: D:4-7

Altars:
Cheibriados
Dithmenos
Fedhas
Okawaru
Ru


Innate Abilities, Weirdness & Mutations

You reflexively headbutt those who attack you in melee.
You have a pair of horns on your head.


Message History

The phantom hits you but does no damage.
The hippogriff barely misses you.
You riposte.
You hit the hippogriff.
The hippogriff is lightly wounded.
You block the hippogriff's attack.
The hippogriff claws you but does no damage.
You feel very mighty all of a sudden.
The centaur hits you but does no damage.
The phantom completely misses you.
You riposte.
You slice the phantom!!
The phantom is severely damaged.
You block the hippogriff's attack. x2; The hippogriff barely misses you.
The centaur hits you but does no damage.
Your shield and plate armour prevent you from hitting the hippogriff.
The hippogriff is lightly wounded.
The phantom hits you but does no damage.
The centaur hits you with an uncursed translucent hand axe {venom}.
* * * LOW HITPOINT WARNING * * *
The hippogriff bites you.
* * * LOW HITPOINT WARNING * * *
You block the hippogriff's attack. The hippogriff claws you.
You die...

#.....###.##.......##
####...##.#.........#
#......#..........+
##....###.........#
#..##.#.#.......##
#.####.###.....## #.#
### ##...## #W# ##'##
##@# #.# #Hc# #.#
#..##########.##
#'###..........## ...
#######.....# ..#..
#.##....## ..= ?y.
#......##### ..##
##.. ####.#...... ...
... ...#.#####


You could see a hippogriff, a phantom and a centaur.

Vanquished Creatures
  A sky beast (D:5)
  An ogre (D:5)
  A phantom (D:4)
  A bullfrog (D:6)
  4 killer bees (D:6)
  3 scorpions
  A howler monkey (D:6)
  A bullfrog zombie (D:5)
  A hound (D:4)
  An iron imp (D:5)
  An iguana (D:4)
  A worker ant (D:6)
  A hound zombie (D:6)
  A worker ant zombie (D:5)
  4 gnolls (D:4)
  12 adders
  2 river rats (D:4)
  An ooze (D:4)
  An adder skeleton (D:6)
  7 worms
  4 leopard geckos
  7 orcs
  4 ball pythons
  4 giant cockroaches
  5 goblins
  10 hobgoblins
  10 jackals
  2 quokkas
  9 bats
  11 frilled lizards
  11 kobolds
  A leopard gecko skeleton (D:5)
  8 rats
132 creatures vanquished.

Notes
Turn   | Place    | Note
-------+----------+-------------------------------------------
     0 | D:1      | Peloso the Minotaur Fighter began the quest for the Orb.
     0 | D:1      | Reached XP level 1. HP: 19/19 MP: 0/0
   194 | D:1      | Reached XP level 2. HP: 27/27 MP: 1/1
   723 | D:1      | Reached skill level 3 in Long Blades
   846 | D:2      | Reached XP level 3. HP: 33/33 MP: 2/2
  1103 | D:2      | Reached skill level 1 in Dodging
  1126 | D:2      | Reached XP level 4. HP: 31/40 MP: 3/3
  1556 | D:3      | Found an iron altar of Okawaru.
  1556 | D:3      | Found a sacrificial altar of Ru.
  1611 | D:3      | Became a worshipper of Warmaster Okawaru
  1727 | D:3      | Reached skill level 4 in Long Blades
  1727 | D:3      | Reached XP level 5. HP: 46/46 MP: 4/4
  1895 | D:3      | Found a shadowy altar of Dithmenos.
  2170 | D:3      | Reached skill level 5 in Armour
  2246 | D:3      | Reached skill level 5 in Shields
  2479 | D:4      | Reached skill level 5 in Long Blades
  2505 | D:4      | Reached XP level 6. HP: 48/52 MP: 5/5
  2594 | D:4      | Found a glowing drain.
  2607 | Sewer    | Entered a sewer
  3015 | D:4      | Reached * piety under Okawaru
  3185 | D:4      | Reached XP level 7. HP: 58/60 MP: 6/6
  3304 | D:4      | Found a blossoming altar of Fedhas.
  3542 | D:5      | Entered Level 5 of the Dungeon
  3582 | D:5      | Reached skill level 6 in Long Blades
  3589 | D:5      | Found a snail-covered altar of Cheibriados.
  3834 | D:5      | Got a clouded silver ring
  3836 | D:5      | Identified the ring of Talief {rPois rC+ MR+ Str+2} (You found it on level 5 of the Dungeon)
  3868 | D:5      | Reached skill level 5 in Fighting
  4016 | D:5      | Reached ** piety under Okawaru
  4379 | D:6      | Reached XP level 8. HP: 40/68 MP: 7/7
  4388 | D:6      | Reached skill level 7 in Long Blades
  4391 | D:6      | Noticed a hippogriff
  4397 | D:6      | HP: 1/68 [hippogriff (4)]
  4397 | D:6      | Slain by a hippogriff

Skill      XL: |  1  2  3  4  5  6  7  8 |
---------------+-------------------------+-----
Shields        | 4 5 6 |  6.8
Armour         | 4 5 6 |  6.5
Long Blades    | 3 4 5 6 7 |  7.0
Dodging        | 1 2 |  2.5
Fighting       | 4 5 |  5.3
Stealth        | |  0.6

Action                   |  1- 3 |  4- 6 |  7- 9 || total
-------------------------+-------+-------+-------++-------
Melee: Long sword        |   101 |   223 |    96 ||   420
       Headbutt          |     4 |    39 |    23 ||    66
  Use: Scroll            |       |     2 |     7 ||     9
       Potion            |       |       |     3 ||     3
  Eat: Chunk             |       |     7 |     3 ||    10
       Ration            |       |       |     1 ||     1
Armor: Scale mail        |    59 |    77 |     7 ||   143
       Plate armour      |       |       |    56 ||    56
Dodge: Dodged            |    29 |    72 |    41 ||   142
Block: Shield            |    61 |   116 |    80 ||   257
       Rpst.: Long sword |     7 |    16 |    15 ||    38
